Unix NetHack Version 5.0.0-0 post-release - last build May 10 2026 23:12:36 (d1fa5d53e341ca933230fdaa984d921c805b60aa,branch:main).

Game began 2026-05-16 20:55:16, ended 2026-05-16 21:11:35.

Brudee, chaotic female human Monk

                                         ----
                                ----------..|
                                |.....q@....|
                                |.....-----^|
                                |..%..|   |.--
                                |.....|----..|
                                |.....|<.^..%|
                                ---.---------|
                                 |..--->---.0|
                                 |.........0.|
                                 |...----....|
                                 |...|  |....|
                                 -----  ------

Brudee the Initiate             St:18 Dx:13 Co:12 In:8 Wi:15 Ch:10  Chaotic S:1863
Dlvl:6  $:57 HP:0(64) Pw:31(31) AC:3  Xp:6/364 T:2304 

Latest messages:
 I - an unlabeled scroll.
 c - a blessed scroll of magic mapping.
 l - an uncursed dark brown spellbook.
 i - a blessed spellbook of protection.
 s - an uncursed black potion.
 K - a bubbly potion.
 E - 7 blessed clear potions.
 r - 2 uncursed emerald potions.
 m - an uncursed ruby potion.
 q - a cursed ruby potion.
 L - a steel ring.
 t - an uncursed balsa wand.
 z - an uncursed long wand.
 M - a uranium wand.
 G - a can of grease.
 A - an uncursed grappling hook.
 n - a cursed lock pick.
 j - an uncursed red gem.
 What do you want to wear? [abxyD or ?*] a
 You finish your dressing maneuver.
 What do you want to wear? [bxD or ?*] ?
 You finish your dressing maneuver.
 What do you want to wear? [bD or ?*] b
 You are now wearing a robe.
 With great effort you move the boulder.
 You see here a plains centaur corpse.
 The boulder suddenly rolls away from you!
 You hear a loud crash!
 Thump!
 You see here a plains centaur corpse.
 Click!  You trigger a rolling boulder trap!
 No boulder was released.
 You try to move the boulder, but in vain.
 The boulder suddenly rolls away from you!
 You hear a boulder fall.
 The boulder suddenly rolls away from you!
 You hear a boulder fall.
 Click!  You trigger a rolling boulder trap!
 No boulder was released.
 Really step into that pit? [yn] (n) n
 You see here a food ration.
 Click!  You trigger a rolling boulder trap!
 No boulder was released.
 Click!  The mumak triggers a rolling boulder trap.
 You hit the mumak!
 The mumak butts!
 The mumak bites!
 You die...
 Do you want your possessions identified? [ynq] (y) y
 Do you want to see your attributes? [ynq] (y) q

Inventory:
 Coins    ('$')
  $ - 57 gold pieces
 Weapons  (')')
  F - 10 +0 darts
  w - 8 cursed -1 darts
 Armor    ('[')
  y - an uncursed +0 pair of gauntlets of dexterity
  a - an uncursed +2 pair of leather gloves (being worn)
  x - an uncursed +0 pair of low boots (being worn)
  D - an uncursed +0 shield of drain resistance
  b - an uncursed +1 robe (being worn)
 Comestibles  ('%')
  f - 5 uncursed apples
  e - 6 uncursed food rations
  h - 5 uncursed fortune cookies
  g - 5 uncursed oranges
  v - 2 uncursed tripe rations
 Scrolls  ('?')
  I - an uncursed scroll of blank paper
  k - a blessed scroll of confuse monster
  O - an uncursed scroll of earth
  N - a cursed scroll of earth
  o - an uncursed scroll of enchant armor
  c - a blessed scroll of magic mapping
 Spellbooks  ('+')
  l - an uncursed spellbook of force bolt
  i - a blessed spellbook of protection
 Potions  ('!')
  s - an uncursed potion of levitation
  K - an uncursed potion of monster detection
  m - an uncursed potion of oil
  q - a cursed potion of oil
  r - 2 uncursed potions of speed
  E - 7 potions of holy water
 Rings    ('=')
  L - an uncursed ring of teleport control
 Wands    ('/')
  M - a wand of light (0:13)
  t - a wand of slow monster (0:7)
  z - a wand of teleportation (0:6)
 Tools    ('(')
  G - a can of grease (0:5)
  A - a +0 grappling hook
  n - a cursed lock pick
 Gems/Stones  ('*')
  j - an uncursed worthless piece of red glass

Brudee the Monk's attributes:

Background:
 You were an Initiate, a level 6 female human Monk.
 You were chaotic, on a mission for Huan Ti
 who was opposed by Shan Lai Ching (lawful) and Chih Sung-tzu (neutral).
 You were right-handed.
 You were in Sokoban, on level 6.
 You entered the dungeon 2304 turns ago.
 There was a new moon in effect when your adventure ended.
 You had 364 experience points, 276 more were needed to attain level 7.
 Your score was 1863 before end-of-game adjustments.

Basics:
 You had 0 out of 64 hit points.
 You had all 31 energy points (spell power).
 Your armor class was 3.
 Your wallet contained 57 zorkmids.
 Autopickup was off.

Final Characteristics:
 Your strength was 18 (limit:18/100).
 Your dexterity was 13 (limit:18).
 Your constitution was 12 (limit:18).
 Your intelligence was 8 (limit:18).
 Your wisdom was 15 (limit:18).
 Your charisma was 10 (limit:18).

Final Status:
 You weren't hungry.
 You were unencumbered.
 You were empty handed.
 You had basic skill with martial arts.

Final Attributes:
 You were piously aligned.
 You were sleep resistant.
 You were poison resistant.
 You saw invisible.
 You were stealthy.
 You were guarded.
 Your spell casting was enhanced by wearing a robe.
 You were fast.
 You were unlucky.
 You are dead.

Miscellaneous:
 You didn't encounter any bones levels.
 Total elapsed playing time was 16 minutes and 16 seconds.

Major events:
 Turn
    1: Brudee the chaotic female human Monk entered the dungeon
  683: attained the rank of Novice (level 3)
 1982: entered Sokoban
 2229: attained the rank of Initiate (level 6)
 2304: killed by a mumak

Spells:
 Name                 Level Category     Fail Retention
 protection             1   clerical       0%  76%-100%

Skills:
 Fighting Skills
   martial arts       [Basic]
 Weapon Skills
   quarterstaff       [Unskilled]
   spear              [Unskilled]
   crossbow           [Unskilled]
   shuriken           [Unskilled]
 Spellcasting Skills
   attack spells      [Unskilled]
   healing spells     [Basic]
   divination spells  [Unskilled]
   enchantment spells [Unskilled]
   clerical spells    [Unskilled]
   escape spells      [Unskilled]
   matter spells      [Unskilled]

Voluntary challenges:
 Character rerolling was not enabled.
 You followed a strict vegan diet.
 You never hit with a wielded weapon.
 You never genocided any monsters.
 You never polymorphed an object.
 You never changed form.
 You used no wishes.
 You violated the special Sokoban rules once.
Achievements:
 You entered a shop.
 You attained the rank of Novice.
 You entered Sokoban.
 You attained the rank of Initiate.

 The Dungeons of Doom: levels 1 to 8
    Level 1:
       A fountain.
    Level 2:
    Level 3:
       A general store, a grave.
    Level 4:
    Level 5:
       Many altars.
    Level 6:
       Many fountains.
       Oracle of Delphi.
    Level 7:
       A fountain.
       Stairs up to Sokoban, level 6.
    Level 8:
 Sokoban:
    Level 6: <- You were here.
       Unsolved.
       Final resting place for
          you, killed by a mumak.


Vanquished creatures:
  a lizard
  a plains centaur
  a snake
  2 fire ants
  3 ponies
  a shrieker
  a golden naga hatchling
  a guardian naga hatchling
  a ghoul
  4 giant ants
  a floating eye
  a kitten
 an orc zombie
  a werejackal
 an iguana
 an acid blob
  a coyote
  2 large kobolds
  a giant rat
  2 brown molds
  a red mold
  a garter snake
  4 jackals
  2 foxes
  a kobold
  a goblin
  4 grid bugs
  2 lichens
  a kobold zombie
  2 newts
47 creatures vanquished.

No species were genocided or became extinct.

Game over:
                       ----------
                      /          \
                     /    REST    \
                    /      IN      \
                   /     PEACE      \
                  /                  \
                  |      Brudee      |
                  |      57 Au       |
                  |   killed by a    |
                  |      mumak       |
                  |                  |
                  |                  |
                  |       2026       |
                 *|     *  *  *      | *
        _________)/\\_//(\/(/\)/\//\/|_)_______

Goodbye Brudee the Monk...

You died in Sokoban on dungeon level 6 with 1858 points,
and 57 pieces of gold, after 2304 moves.
You were level 6 with a maximum of 64 hit points when you died.

